 Dungeon Crawl Stone Soup version 0.19.5 (webtiles) character file.

128 snowfan the Magician (level 4, 0/24 HPs)
             Began as a Deep Elf Wizard on May 9, 2017.
             Slain by an adder skeleton (1 damage)
             ... on level 3 of the Dungeon.
             The game lasted 00:06:27 (2130 turns).

snowfan the Magician (Deep Elf Wizard)              Turns: 2130, Time: 00:06:28

Health: 0/24       AC:  3    Str:  4    XL:     4   Next: 87%
Magic:  11/14      EV: 13    Int: 24    God:
Gold:   87         SH:  0    Dex: 13    Spells: 1 memorised, 15 levels left

rFire  . . .     SeeInvis .     e - +0 dagger
rCold  . . .     Gourm    .     a - +0 robe
rNeg   . . .     Faith    .     (no shield)
rPois  .         Spirit   .     b - +0 hat
rElec  .         Reflect  .     (no cloak)
rCorr  .         Harm     .     (no gloves)
MR     .....                    m - +0 pair of boots (curse)
Stlth  ++........               (no amulet)
                                (no ring)
                                (no ring)

@: no status effects
A: no striking features
a: no special abilities


You were on level 3 of the Dungeon.
You were hungry.

You visited 1 branch of the dungeon, and saw 3 of its levels.

You collected 87 gold pieces.

Inventory:

Hand Weapons
 e - a +0 dagger (weapon)
 j - a +0 hunting sling
Missiles
 k - 32 stones (quivered)
Armour
 a - a +0 robe (worn)
 b - a +0 hat (worn)
 m - a cursed +0 pair of boots (worn)
Scrolls
 f - 3 scrolls of identify {unknown}
 g - a scroll of teleportation {unknown}
 i - 2 scrolls of remove curse {unknown}
Books
 c - a book of Minor Magic

   Spells                             Type                      Level
   a - Magic Dart                     Conjuration                  1
   b - Blink                          Translocation                2
   c - Call Imp                       Summoning                    2
   d - Repel Missiles                 Charms/Air                   2
   e - Slow                           Hexes                        2
   f - Conjure Flame                  Conjuration/Fire             3
   g - Mephitic Cloud                 Conjuration/Poison/Air       3
Comestibles
 d - a bread ration
 h - 4 meat rations
 l - 5 chunks of flesh
 n - a beef jerky


   Skills:
 + Level 0.4 Short Blades
 + Level 3.1 Dodging
 + Level 2.6 Stealth
 + Level 6.6 Spellcasting
 + Level 2.3 Conjurations
   Level 1.1 Summonings
   Level 1.1 Translocations


You had 15 spell levels left.
You knew the following spells:

 Your Spells              Type           Power        Failure   Level  Hunger
a - Magic Dart            Conj           ###.         2%          1    None


Dungeon Overview and Level Annotations

Branches:
Dungeon (3/15)

Altars:
Elyvilon


Message History

The adder skeleton barely misses you. The adder skeleton closely misses you.
The adder skeleton bites you.
* * * LOW HITPOINT WARNING * * *
The adder skeleton barely misses you. The adder skeleton misses you.
The adder skeleton bites you.
* * * LOW HITPOINT WARNING * * *
The adder skeleton barely misses you. The adder skeleton misses you.
The adder skeleton bites you but does no damage.
The adder skeleton barely misses you.
The adder skeleton completely misses you.
The adder skeleton misses you.
The adder skeleton bites you but does no damage.
The adder skeleton misses you. The adder skeleton bites you.
* * * LOW HITPOINT WARNING * * *
The adder skeleton closely misses you. The adder skeleton bites you.
You die...

#.### #...#
########### ###.#
#.......... #.#
#.##.###### #.#
#.##.# #.#
#####)##.# #.#
#........#
#.#######.###.####
#.....@Z......#
#.#######.#####
#.# #.# #.# #.#
#.# #.# #.# #.#
#.# #.# #.# ###.#
#.# #..


You could see an adder skeleton.

Vanquished Creatures
  A centaur skeleton (D:3)
  Natasha (D:3)
  A hound skeleton (D:3)
  An adder (D:2)
  An adder zombie (D:3)
  A worm (D:3)
  A dart slug (D:1)
  4 leopard geckos
  2 orcs (D:3)
  2 giant cockroaches (D:1)
  5 goblins
  3 hobgoblins
  3 jackals (D:3)
  A quokka (D:2)
  4 bats
  2 frilled lizards (D:1)
  A giant cockroach zombie (D:3)
  A jackal skeleton (D:3)
  4 kobolds
  5 rats
44 creatures vanquished.

Notes
Turn   | Place    | Note
-------+----------+-------------------------------------------
     0 | D:1      | snowfan the Deep Elf Wizard began the quest for the Orb.
     0 | D:1      | Reached XP level 1. HP: 10/10 MP: 7/7
   421 | D:1      | Reached skill level 5 in Spellcasting
   429 | D:1      | Reached XP level 2. HP: 15/15 MP: 1/10
   984 | D:2      | Reached XP level 3. HP: 19/19 MP: 9/12
  1184 | D:3      | Noticed a phantom
  1238 | D:1      | Reached skill level 6 in Spellcasting
  1638 | D:3      | Noticed Natasha
  1646 | D:3      | Killed Natasha
  1646 | D:3      | Reached XP level 4. HP: 24/24 MP: 4/14
  1998 | D:3      | Found a white marble altar of Elyvilon.
  2128 | D:3      | HP: 1/24 [adder skeleton (2)]
  2130 | D:3      | Slain by an adder skeleton

Skill      XL: |  1  2  3  4 |
---------------+-------------+-----
Spellcasting   | 5 6 |  6.6
Dodging        | 3 |  3.1
Conjurations   | 2 |  2.3
Short Blades   | |  0.4
Stealth        | |  2.6
Summonings     | |  1.1
Translocations | |  1.1

Action                   |  1- 3 |  4- 6 || total
-------------------------+-------+-------++-------
Melee: Dagger            |    12 |     6 ||    18
 Cast: Magic Dart        |    92 |    46 ||   138
  Use: Potion            |     1 |       ||     1
  Eat: Chunk             |     2 |     1 ||     3
Armor: Robe              |     8 |     7 ||    15
Dodge: Dodged            |    29 |    25 ||    54
